 Dungeon Crawl Stone Soup version 0.24-a0-479-g9a978d2894 (webtiles) character file.

Game seed: 6383934699608059030

128 CandyEater the Digger (level 5, -1/28 HPs)
             Began as a Gargoyle Earth Elementalist on July 6, 2019.
             Slain by Grinder (2 damage)
             ... on level 3 of the Dungeon.
             The game lasted 00:05:19 (2501 turns).

CandyEater the Digger (Gargoyle Earth Elementalist) Turns: 2501, Time: 00:05:21

Health: -1/28      AC:  7    Str: 11    XL:     5   Next: 12%
Magic:  3/9        EV: 12    Int: 17    God:
Gold:   124        SH:  0    Dex: 10    Spells: 1/10 levels left

rFire    . . .     SeeInvis .   j - +1 mace (crush)
rCold    . . .     Gourm    .   (no shield)
rNeg     + . .     Faith    .   c - +0 robe
rPois    ∞         Spirit   .   (no helmet)
rElec    +         Reflect  .   (no cloak)
rCorr    .         Harm     .   (no gloves)
MR       .....                  m - +0 pair of boots
Stlth    ++........             k - amulet of rage
HPRegen  0.09/turn              (no ring)
MPRegen  0.11/turn              (no ring)

@: no status effects
A: negative energy resistance 1, electricity resistance, unbreathing,
petrification resistance, rot immunity, AC +4
a: Evoke Berserk Rage


You were on level 3 of the Dungeon.
You were not hungry.

You visited 1 branch of the dungeon, and saw 3 of its levels.

You collected 124 gold pieces.

Inventory:

Hand Weapons
 j - a +1 mace of crushing (weapon)
Missiles
 b - 123 stones (quivered)
Armour
 c - a +0 robe (worn)
 m - a +0 pair of boots (worn)
Jewellery
 k - an amulet of rage (around neck)
Wands
 l - a wand of random effects (5)
Scrolls
 f - a scroll of magic mapping
 g - a scroll of amnesia
Potions
 a - a potion of agility
 e - a potion of haste
 h - a potion of curing
 i - a potion of degeneration {unknown}
 n - 2 potions of mutation {unknown}
 o - a potion of berserk rage {unknown}
 p - a potion of heal wounds {unknown}
Comestibles
 d - a ration


   Skills:
 - Level 1.5 Dodging
 - Level 2.1 Stealth
 + Level 3.3 Spellcasting
 + Level 2.0 Conjurations
   Level 0.7 Transmutations
 + Level 5.1 Earth Magic


You had one spell level left.
You knew the following spells:

 Your Spells              Type           Power        Failure   Level  Hunger
a - Sandblast             Erth           ###...       1%          1    None
b - Stone Arrow           Conj/Erth      ###...       12%         3    ###....
c - Lee's Rapid Deconstr  Erth           ###.......   50%         5    ######.

Your spell library contained the following spells:

 Spells                   Type           Power        Failure   Level  Hunger
 Beastly Appendage        Tmut           #.....       13%         1    None
 Passwall                 Tmut/Erth      ##......     8%          2    ##.....
 Sticks to Snakes         Tmut           #.......     19%         2    ##.....
 Spider Form              Tmut/Pois      #.........   41%         3    ###....
 Petrify                  Tmut/Erth      ##......     45%         4    ####...
 Ice Form                 Ice/Tmut       #.......     82%         4    ####...
 Blade Hands              Tmut           #.........   98%         5    ######.


Dungeon Overview and Level Annotations

Branches:
Dungeon (3/15)

Altars:
Dithmenos

Annotations:
D:3 Grinder


Innate Abilities, Weirdness & Mutations

You are resistant to torment.
Your stone body is resilient. (AC +4)
You are immune to poison.
You resist negative energy. (rN+)
You are resistant to electric shocks. (rElec)
You can survive without breathing.
You are immune to petrification.
You are immune to rotting.


Message History

Aiming: Sandblast (safe; 1% risk of failure)
Press: ? - help, Shift-Dir - straight line, f/p - Grinder
Aim: Grinder (heavily wounded)
The blast of sand hits Grinder.
Grinder is severely wounded.
b - 123 stones Grinder hits you.
* * * LOW HITPOINT WARNING * * *
Unknown command.
Evoke which item? (* to show all) (? for menu, Esc to quit)
Aiming: Random Effects
Press: ? - help, Shift-Dir - straight line, f/p - Grinder
Aim: Grinder (severely wounded)
The bolt of negative energy hits Grinder.
Grinder completely resists.
Grinder is severely wounded.
Grinder hits you.
* * * LOW HITPOINT WARNING * * *
You writhe in agony.
You die...

#.... #..#
#.###...###
#...####.####.#...###
#........#
#..#.#.#####.
#..#######
#............ #.†.#
#...###.###... #.#.#
#...# #.# #
#.#.#######...# #+#
#.#....#......#
#.#....@.#....##
#.#.....5...#.#
#.#....##..##.#
##.### ..# #.# .# #.#
.. #.. .# ## ##


You could see Grinder.

Vanquished Creatures
  Ijyb (D:3)
  Terence (D:2)
  3 adders
  An ooze (D:1)
  A dart slug (D:2)
  An orc (D:3)
  A giant cockroach (D:2)
  6 hobgoblins
  12 jackals
  3 quokkas (D:2)
  3 bats (D:1)
  4 goblins
  3 kobolds
  3 rats
43 creatures vanquished.

Notes
Turn   | Place    | Note
-------+----------+-------------------------------------------
     0 | D:1      | CandyEater the Gargoyle Earth Elementalist began the quest
                  | for the Orb.
     0 | D:1      | Reached XP level 1. HP: 10/10 MP: 3/3
   540 | D:1      | Reached skill level 4 in Earth Magic
   540 | D:1      | Reached XP level 2. HP: 12/15 MP: 5/5
  1170 | D:2      | Reached XP level 3. HP: 14/19 MP: 6/6
  1181 | D:2      | Learned a level 3 spell: Stone Arrow
  1771 | D:2      | Noticed Terence
  1799 | D:2      | Killed Terence
  1799 | D:2      | Reached skill level 1 in Conjurations
  1799 | D:2      | Reached XP level 4. HP: 21/24 MP: 1/8
  1958 | D:2      | Found a shadowy altar of Dithmenos.
  2194 | D:3      | Noticed Ijyb
  2205 | D:3      | Killed Ijyb
  2205 | D:3      | Reached skill level 5 in Earth Magic
  2221 | D:3      | Reached XP level 5. HP: 16/28 MP: 2/9
  2243 | D:3      | Learned a level 5 spell: Lee's Rapid Deconstruction
  2489 | D:3      | Noticed Grinder
  2495 | D:3      | Paralysed by Grinder for 5 turns
  2501 | D:3      | HP: 1/28 [Grinder (5)]
  2501 | D:3      | Slain by Grinder

Levels and vault maps discovered:
D:1:      eino_arrival_water_star, layout_loops_ring
D:2:      layout_basic, nicolae_dithmenos_through_a_glass_darkly, tgw_trog,
          minmay_goblin_outpost, uniq_terence
D:3:      layout_rooms, lemuel_doored_altar, grunt_temple_overflow_open,
          uniq_ijyb, uniq_grinder

Skill      XL: |  1  2  3  4  5 |
---------------+----------------+-----
Earth Magic    | 4 5 |  5.1
Spellcasting   | 3 |  3.3
Conjurations   | 1 2 |  2.0
Dodging        | |  1.5
Stealth        | |  2.1
Transmutations | |  0.7

Action                   |  1- 3 |  4- 6 || total
-------------------------+-------+-------++-------
Melee: Spear             |   104 |       ||   104
       Mace              |       |    49 ||    49
 Cast: Sandblast         |    13 |    17 ||    30
 Abil: Evoke Berserk Rag |     1 |       ||     1
Evoke: Wand              |       |     1 ||     1
  Use: Scroll            |     4 |     3 ||     7
       Potion            |     2 |       ||     2
 Stab: Sleeping          |     4 |     2 ||     6
  Eat: Chunk             |     3 |     3 ||     6
Armor: Robe              |    29 |    31 ||    60
Dodge: Dodged            |    53 |    61 ||   114

Table legend:
 A = Non-vault XP
 B = Vault XP
 C = Vault XP percentage of total XP
 D = Non-vault monster count
 E = Vault monster count
 F = Vault count percentage of total count
                 A         B        C        D         E       F
            +---------+---------+-------+---------+---------+-------
      Total |     108 |      76 |  41.3 |      38 |       5 |  11.6
            +---------+---------+-------+---------+---------+-------
        D:1 |      22 |       0 |   0.0 |      11 |       0 |   0.0
        D:2 |      59 |      38 |  39.2 |      18 |       4 |  18.2
        D:3 |      27 |      38 |  58.5 |       9 |       1 |  10.0
            +---------+---------+-------+---------+---------+-------
